 Dungeon Crawl Stone Soup version 0.30.1-4-g462c640d31 (webtiles) character file.

Game seed: 8809586377777312608

1739839 LordWeiramon the Intangible (level 27, 249/249 HPs)
             Began as a Human Reaver on Sept 8, 2023.
             Was an Initiate of Gozag.
             Escaped with the Orb
             ... and 3 runes on Sept 9, 2023!
             The game lasted 06:07:31 (68619 turns).

LordWeiramon the Intangible (Human Reaver)         Turns: 68619, Time: 06:07:32

Health: 249/249    AC: 33    Str: 15    XL:     27
Magic:  35/35      EV: 42    Int: 14    God:    Gozag
Gold:   1160       SH:  0    Dex: 34    Spells: 28/30 levels left

rFire   + + .        a - +12 pair of quick blades "Gyre" and "Gimble" {protect}
rCold   + . .        (shield currently unavailable)
rNeg    . . .        N - +9 ring mail of Itoy {rElec rPois SInv}
rPois   +            y - +2 helmet
rElec   +            I - +2 cloak {rF+}
rCorr   +            m - +2 pair of gloves {Dex+3}
SInv    +            V - +2 pair of boots {rampage}
Will    ++++.        v - amulet "Ceifuefa" {Regen+ rCorr Int-4 Dex+5}
Stlth   ++           B - ring of Suppic {rC+ MP+9 Str+3}
HPRegen 1.41/turn    k - ring of Datzixaco {rPois rF+ Will++ Int+4 Dex-2}
MPRegen 0.24/turn

%: rampage
@: bribing [the Dungeon, the Realm of Zot, the Depths]
A: agile 1, mutation resistance 1, screaming 1
0: Orb of Zot
}: 3/15 runes: decaying, silver, gossamer
a: Renounce Religion, Potion Petition, Call Merchant, Bribe Branch


You escaped.
You worshipped Gozag.
Gozag was most pleased with you.
You visited 10 branches of the dungeon, and saw 50 of its levels.
You visited 1 bazaar.
You also visited: Bailey, Ice Cave and Volcano.

You collected 32212 gold pieces.
You spent 7420 gold pieces at shops.
You paid 23632 gold pieces to Gozag.

Inventory:

Hand Weapons
 a - the +12 pair of quick blades "Gyre" and "Gimble" (weapon) {protect}
   (You bought it in a shop on level 1 of the Swamp)
 b - a +9 heavy triple sword
Missiles
 f - 3 throwing nets (quivered)
Armour
 m - a +2 pair of gloves of dexterity (worn)
 q - the +2 pair of boots of the Enfolding Gods {rElec rF+ rC- Dex+3}
   (You bought it in a shop in a bazaar)

   Dex:       It affects your dexterity (+3).
   rF:        It protects you from fire.
   rC:        It makes you vulnerable to cold.
   rElec:     It insulates you from electricity.
 y - a +2 helmet (worn)
 z - the +4 dragonskin cloak
   (You took it off Tiamat on level 5 of the Realm of Zot)

   Avatar's Aegis: It grants the wearer a chance to resist fire, cold, poison,
   electricity, acid, and negative energy.
 F - a +2 cloak of willpower
 I - a +2 cloak of fire resistance (worn)
 N - the +9 ring mail of Itoy (worn) {rElec rPois SInv}
   (You found it on level 3 of the Realm of Zot)

   rElec:     It insulates you from electricity.
   rPois:     It protects you from poison.
   SInv:      It lets you see invisible.
 S - the +4 moon troll leather armour {Spirit, Regen++ MP+5}
   (You found it on level 3 of the Spider Nest)

   MP:        It affects your magic capacity (+5).
   Regen:     It increases your rate of health regeneration.
 V - a +2 pair of boots of rampaging (worn)
Jewellery
 c - the ring of Charity {rF+ rC+}
   (You acquired it on level 2 of the Depths)

   [ring of protection from cold]

   rF:        It protects you from fire.
   rC:        It protects you from cold.
 k - the ring of Datzixaco (right hand) {rPois rF+ Will++ Int+4 Dex-2}
   (You bought it in a shop on level 11 of the Dungeon)

   [ring of poison resistance]

   Int:       It affects your intelligence (+4).
   Dex:       It affects your dexterity (-2).
   rF:        It protects you from fire.
   rPois:     It protects you from poison.
   Will:      It greatly increases your willpower.
 t - a ring of flight
 v - the amulet "Ceifuefa" (around neck) {Regen+ rCorr Int-4 Dex+5}
   (You bought it in a shop on level 11 of the Dungeon)

   [amulet of regeneration]

   Int:       It affects your intelligence (-4).
   Dex:       It affects your dexterity (+5).
   Regen:     It increases your rate of health regeneration.
   rCorr:     It protects you from acid and corrosion.
 B - the ring of Suppic (left hand) {rC+ MP+9 Str+3}
   (You bought it in a shop in a bazaar)

   [ring of magical power]

   Str:       It affects your strength (+3).
   rC:        It protects you from cold.
   MP:        It affects your magic capacity (+9).
 L - a +6 ring of dexterity
 W - the ring of Xosopy {Fly rElec rN++ MP+9 Str-2}
   (You took it off an ironbound preserver on level 5 of the Vaults)

   [ring of magical power]

   Str:       It affects your strength (-2).
   rElec:     It insulates you from electricity.
   rN:        It greatly protects you from negative energy.
   MP:        It affects your magic capacity (+9).
   Fly:       It grants you flight.
Wands
 D - a wand of iceblast (67)
 G - a wand of light (16)
 U - a wand of digging (22)
Scrolls
 e - 7 scrolls of fog
 h - 3 scrolls of silence
 i - 15 scrolls of amnesia
 l - 7 scrolls of blinking
 p - 25 scrolls of teleportation
 x - 7 scrolls of magic mapping
 J - 12 scrolls of enchant armour
 K - 10 scrolls of fear
 Q - 4 scrolls of brand weapon
 R - 7 scrolls of summoning
 T - 6 scrolls of poison
 Y - 2 scrolls of enchant weapon
Potions
 d - 11 potions of mutation
 g - 13 potions of might
 j - 9 potions of haste
 o - 9 potions of brilliance
 r - 7 potions of magic
 s - 17 potions of ambrosia
 u - 7 potions of cancellation
 A - 18 potions of flight
 C - 3 potions of berserk rage
 E - 14 potions of heal wounds
 H - 21 potions of curing
 O - a potion of resistance
 X - 4 potions of invisibility
Miscellaneous
 n - a box of beasts
 w - a phial of floods
 M - a phantom mirror
 P - a condenser vane
 Z - a lightning rod (4/4)


   Skills:
 O Level 27 Fighting
 - Level 3.0(18.2) Short Blades
 O Level 27 Long Blades
 + Level 18.8 Armour
 O Level 27 Dodging
 - Level 10.0 Stealth
 - Level 2.0 Spellcasting
 - Level 3.0 Conjurations


You had 28 spell levels left.
You knew the following spells:

 Your Spells              Type           Power      Damage    Failure   Level
a - Magic Dart            Conj           36%        1d4       10%         1
b - Kiss of Death         Conj/Necr      20%        2d7       19%         1

Your spell library contained the following spells:

 Spells                   Type           Power      Damage    Failure   Level
 Searing Ray              Conj           18%        2d5       16%         2
 Foxfire                  Conj/Fire      20%        2x1d5     19%         1
 Shock                    Conj/Air       20%        1d4       19%         1
 Momentum Strike          Conj/Tloc      10%        3d8       28%         2
 Static Discharge         Conj/Air       10%        2-3/arc   28%         2
 Apportation              Tloc           2%         N/A       34%         1
 Beastly Appendage        Tmut           2%         N/A       34%         1
 Necrotise                Necr           4%         1d4       34%         1
 Sandblast                Erth           2%         2d4       34%         1
 Sting                    Tmut/Pois      4%         1d3       34%         1
 Summon Small Mammal      Summ           4%         N/A       34%         1
 Blink                    Tloc           2%         N/A       45%         2
 Call Imp                 Summ           2%         N/A       45%         2
 Cigotuvi's Dreadful Rot  Necr/Pois/Air  2%         N/A       45%         2
 Ensorcelled Hibernation  Hex/Ice        2%         N/A       45%         2
 Lesser Beckoning         Tloc           2%         N/A       45%         2
 Passwall                 Tmut/Erth      0%         N/A       45%         2
 Poisonous Vapours        Pois/Air       2%         N/A       45%         2
 Wereblood                Tmut           1%         N/A       45%         2
 Dazzling Flash           Conj/Hex       10%        N/A       50%         3
 Hailstorm                Conj/Ice       5%         3d4       50%         3
 Stone Arrow              Conj/Erth      10%        3d7       50%         3
 Mephitic Cloud           Conj/Pois/Air  4%         N/A       56%         3
 Call Canine Familiar     Summ           1%         N/A       71%         3
 Ignite Poison            Fire/Tmut/Pois 1%         N/A       71%         3
 Inner Flame              Hex/Fire       1%         N/A       71%         3
 Ozocubu's Armour         Ice            1%         N/A       71%         3
 Spider Form              Tmut/Pois      1%         N/A       71%         3
 Summon Guardian Golem    Hex/Summ       1%         N/A       71%         3
 Swiftness                Air            1%         N/A       71%         3
 Vhi's Electric Charge    Tloc/Air       2%         N/A       71%         3
 Volatile Blastmotes      Fire/Tloc      2%         2d10      71%         3
 Flame Wave               Conj/Fire      5%         2d5       88%         4
 Fulminant Prism          Conj/Hex       2%         3d5       88%         4
 Iskenderun's Mystic Bla  Conj/Tloc      5%         2d3       88%         4
 Sticky Flame             Conj/Fire      5%         2d3       88%         4
 Iskenderun's Battlesphe  Conj           9%         2d6       95%         5
 Airstrike                Air            0%         2d(1-17)  98%         4
 Anguish                  Hex/Necr       0%         N/A       98%         4
 Animate Armour           Summ/Erth      2%         N/A       98%         4
 Cause Fear               Hex            0%         N/A       98%         4
 Ice Form                 Ice/Tmut       1%         N/A       98%         4
 Leda's Liquefaction      Hex/Erth       0%         N/A       98%         4
 Olgreb's Toxic Radiance  Pois           1%         N/A       98%         4
 Summon Ice Beast         Ice/Summ       1%         N/A       98%         4
 Summon Lightning Spire   Summ/Air       1%         N/A       98%         4
 Arcjolt                  Conj/Air       2%         1d12      99%         5
 Freezing Cloud           Conj/Ice/Air   2%         6-21      99%         5
 Blade Hands              Tmut           0%         N/A       100%        5
 Lee's Rapid Deconstruct  Erth           0%         3d4*      100%        5
 Summon Mana Viper        Hex/Summ       1%         N/A       100%        5
 Iron Shot                Conj/Erth      2%         9d2       100%        6
 Plasma Beam              Fire/Air       0%         2x1d11    100%        6
 Starburst                Conj/Fire      2%         6d3       100%        6
 Statue Form              Tmut/Erth      0%         N/A       100%        6
 Enfeeble                 Hex            0%         N/A       100%        7
 Haunt                    Necr/Summ      0%         N/A       100%        7
 Monstrous Menagerie      Summ           0%         N/A       100%        7
 Orb of Destruction       Conj           4%         9d5       100%        7
 Spellforged Servitor     Conj/Summ      2%         N/A       100%        7
 Storm Form               Tmut/Air       0%         N/A       100%        7
 Summon Hydra             Summ           0%         N/A       100%        7
 Borgnjor's Revivificati  Necr           0%         N/A       100%        8
 Necromutation            Tmut/Necr      0%         N/A       100%        8
 Death's Door             Necr           0%         N/A       100%        9
 Simulacrum               Ice/Necr       Unusable   N/A       N/A         6

Dungeon Overview and Level Annotations

Branches:
Dungeon (15/15)            Temple (0/1) D:7            Lair (5/5) D:11
  Swamp (4/4) Lair:3       Spider (4/4) Lair:3        Slime (0/5) Lair:5
    Orc (2/2) D:10            Elf (3/3) Orc:2        Vaults (5/5) D:13
  Crypt (3/3) Vaults:3       Tomb (0/3) Crypt:3      Depths (4/4) D:15
    Zot (5/5) Depths:4     Bailey (visited)           IceCv (visited)
Volcano (visited)

Altars:
Cheibriados
Elyvilon
Gozag
Hepliaklqana
Kikubaaqudgha
Makhleb
Nemelex Xobeh
Qazlal
Ru
Trog
Vehumet
Wu Jian
Xom
Yredelemnul
Jiyva

Shops:
D:4 (   D:8 :   D:11 =   D:15 :   Orc:2 (:=   Elf:1 [[   Elf:3 [   Swamp:1 [(*
Vaults:2 ([   Depths:1 !*=**   Depths:3 ==   Depths:4 *

Portals:
Hell: Depths:1 Depths:2 Depths:3 Depths:4
Abyss: Depths:3
Pandemonium: Depths:2
Ziggurat: Depths:2

Annotations:
Crypt:2 2 transporters
Zot:4 2 transporters, Urrumaza's ghost, master MfBe


Innate Abilities, Weirdness & Mutations

You are agile. (Dex +4, Str/Int -1)
You are somewhat resistant to further mutation.
You occasionally shout uncontrollably at your foes.


Message History

Strange energies course through your body.
You feel odd for a moment.
There is a stone staircase leading up here.
The sixfirhy completely misses you. x2
You climb upwards.
There is a stone staircase leading down here.
(D) Dungeon (T) Temple (L) Lair (S) Swamp (N) Spider Nest (M) Slime Pits (O) Orcish Mines (E) Elven Halls (V) Vaults (C) Crypt (W) Tomb (U) Depths (H) Hell (Z) Zot
Where to? (Enter - D:1, ? - help)
You see here a +0 club.
There is a stone staircase leading up here.
You climb upwards.
There is a stone staircase leading down here.
There is a stone staircase leading up here.
You climb upwards.
There is a stone staircase leading down here.
There is a stone staircase leading up here.
You climb upwards.
There is a stone staircase leading down here.
Unknown command.
Aiming: Dig
Press: ? - help, Shift-Dir - straight line A rock wall.
This square is covered in magical glow.
The rock shatters into small pieces.
Aiming: Dig
Press: ? - help, Shift-Dir - straight line A rock wall.
This square is covered in magical glow.
The rock shatters into small pieces.
A demonspawn corrupter comes into view.
It is wielding a +1 demon trident of freezing.
The demonspawn corrupter stares, then turns away, jangling a coin purse.
Press: ? - help, v - describe, . - travel
Here: a demonspawn corrupter, wielding a +1 demon trident of freezing, wearing a +0 scale mail and wearing a +0 buckler (wandering, peaceful)
The floor.
Unknown command.
There is a staircase leading out of the dungeon here.
You have escaped!

.##...#.### #..........#.#
.####.....## #...........## .#
##.##..# #..........## .##
#..##.####### #..........# ..##
##>##.......# #....###.#####
...## #....#####.#####.###.##....
....# ####.####...####.##.##.....
....# ####.........###.###^.###
....# #.......@.......##....#..
...#### ####.........#.##..##...#
......#########...###..#.###..###
............>.##.##....#.....###
....#...............#..6.......##
....##########.##......#####.#..#
...## #.##...#..# ##.##.# ..##
#..#......# ##..##.. #..###
##.#...##.###..#####


There were no monsters in sight!

Vanquished Creatures
  Tiamat (Zot:5)
  6 dread liches
  3 ancient liches (Vaults:5)
  10 orbs of fire
  Mennas (Depths:4)
  2 juggernauts
  Sojobo (Depths:1)
  6 Killer Klowns
  Bai Suzhen (Depths:1)
  Margery (Depths:4)
  Boris (thrice) (Vaults:2 Vaults:3 Depths:1)
  the Lernaean hydra (Swamp:4)
  4 curse toes
  14 golden dragons
  Nikola (Depths:1)
  A caustic shrike (Depths:2)
  Saint Roka (Orc:2)
  2 bone dragons
  Arachne (Spider:4)
  2 doom hounds (Crypt:3)
  18 tentacled monstrosities
  2 electric golems (Zot:5)
  Jorgrun (Swamp:2)
  25 Orb Guardians (Zot:5)
  Asterion (Elf:3)
  2 deep elf blademasters (Elf:3)
  3 liches
  Grunn (Crypt:3)
  9 quicksilver dragons
  A walking divine tome (Depths:3)
  6 titans
  An acid blob (Spider:2)
  A deep elf master archer (Elf:3)
  3 sphinxes
  7 ancient champions
  11 death cobs
  13 shadow dragons
  7 draconian monks
  22 storm dragons
  A thorn hunter (Swamp:4)
  11 tengu reavers
  3 revenants
  Donald (Swamp:2)
  An azure jelly (IceCv)
  14 draconian knights
  3 fire giants
  A daeva (Depths:2)
  8 deep elf sorcerers
  7 frost giants
  Louise (Spider:3)
  5 emperor scorpions
  The ghost of croobank the Summoner, a journeyman DsIE of Gozag (Elf:1)
  A juggernaut zombie (Depths:2)
  7 vault wardens
  2 iron dragons (Vaults:5)
  Aizul (Spider:2)
  6 ghost moths
  16 draconian shifters
  4 draconian stormcallers
  8 draconian scorchers
  2 quicksilver oozes (IceCv)
  A curse skull (Crypt:1)
  6 orc warlords
  6 ghouls
  10 draconian annihilators
  2 angels
  3 deep elf elementalists (Elf:3)
  28 ironbound preservers
  2 spriggan defenders (Depths:4)
  17 stone giants
  4 war gargoyles
  A quicksilver ooze (shapeshifter) (Vaults:5)
  A broodmother (Spider:3)
  A juggernaut skeleton (Depths:2)
  A reaper (Crypt:3)
  A caustic shrike skeleton (Crypt:2)
  13 ironbound thunderhulks
  22 very ugly things
  10 vampire knights
  18 green draconians
  The ghost of wingedge the Cleaver, a journeyman MeBe of Trog (D:11)
  Nessos (Lair:4)
  12 dire elephants (Vaults:1)
  16 black draconians
  A lorocyproca (Zot:4)
  5 deep elf demonologists
  8 deep elf annihilators
  6 eleionomae
  Azrael (D:12)
  15 purple draconians
  22 yellow draconians
  11 red draconians
  15 white draconians
  3 bunyips
  3 eidola
  10 spark wasps
  13 ettins
  A fire dragon (shapeshifter) (Depths:2)
  A crystal guardian (Vaults:2)
  Josephine (Orc:2)
  5 deep elf death magi
  3 blizzard demons
  7 yaktaur captains
  13 fire dragons
  A merfolk impaler (Depths:3)
  2 deep elf high priests (Elf:3)
  7 entropy weavers
  5 jiangshi
  An entropy weaver (shapeshifter) (Elf:1)
  A spriggan zombie (Crypt:2)
  9 ice dragons
  A hell beast (Zot:2)
  A quicksilver dragon skeleton (Depths:2)
  27 vault guards
  8 great orbs of eyes
  A juggernaut simulacrum (Crypt:2)
  4 ogre magi
  A ghost crab (Swamp:3)
  3 catoblepae (Lair:5)
  20 hydras
  2 peacekeepers
  11 ironbound frosthearts
  3 jorogumos
  A two-headed ogre (shapeshifter) (Vaults:5)
  A radroach (shapeshifter) (Vaults:5)
  4 radroaches
  3 two-headed ogres
  4 spriggan air magi
  6 centaur warriors
  9 boulder beetles
  2 death knights
  27 dancing weapons
  3 tengu warriors
  3 deep troll shamans
  7 alligators
  10 deep troll earth magi
  5 vampire magi
  7 death yaks
  Urug (Orc:2)
  19 hell knights
  2 soul eaters
  4 spriggan berserkers
  Sonja (D:11)
  2 titan skeletons (Depths:2)
  22 deep elf knights
  7 iron trolls
  Amaemon (D:9)
  A shadow wraith (Crypt:3)
  A fire crab (Volcano)
  4 goliath frogs
  A skyshark (Lair:3)
  A sixfirhy (Depths:2)
  32 skeletal warriors
  A sea snake (shapeshifter) (Vaults:5)
  3 pharaoh ants
  A spriggan druid (Swamp:3)
  12 orb spiders
  2 glowing orange brains (Depths:2)
  3 bog bodies
  3 deep elf archers (Elf:1)
  A swamp dragon (shapeshifter) (Vaults:5)
  11 swamp dragons
  2 tengu zombies
  6 flayed ghosts
  98 deep trolls
  6 lindwurms
  12 phantasmal warriors
  10 necromancers
  An anaconda skeleton (Crypt:3)
  9 steelbarb worms
  4 harpies (Vaults:2)
  34 deep elf pyromancers
  10 orc knights
  13 ironbound convokers
  8 wizards
  An oklob plant (Spider:2)
  34 deep elf zephyrmancers
  2 sphinx skeletons
  2 tengu skeletons (Depths:2)
  22 wolf spiders
  The ghost of bairyn the Magician, a novice SpRe of Sif Muna (D:8)
  2 will-o-the-wisps
  15 orc sorcerers
  6 cyclopes
  A stone giant zombie (Vaults:1)
  A goliath frog skeleton (Crypt:2)
  47 ugly things
  27 moths of wrath
  7 manticores
  9 elephants
  2 human skeletons
  A stone giant skeleton (Crypt:1)
  2 ice statues (IceCv)
  An eleionoma skeleton (Crypt:1)
  A shadow dragon skeleton (Crypt:1)
  22 vault sentinels
  Joseph (D:8)
  Maurice (Orc:1)
  4 black mambas
  A frost giant skeleton (Crypt:3)
  An elf skeleton (Vaults:1)
  A molten gargoyle (D:15)
  4 torpor snails
  A gargoyle (D:13)
  6 demonic crawlers
  2 unseen horrors
  A human zombie (Vaults:4)
  9 cane toads
  11 komodo dragons
  4 orange demons
  2 rime drakes
  23 yaktaurs
  6 freezing wraiths
  A guardian mummy (Crypt:3)
  Psyche (D:12)
  An alligator snapping turtle zombie (Crypt:1)
  5 tengu conjurers
  A golden dragon simulacrum (Depths:2)
  A hydra zombie (Crypt:2)
  2 burning bushes (Lair:5)
  4 ice devils
  5 polar bears
  A meliai (D:13)
  A bunyip simulacrum (Crypt:3)
  8 trolls
  A hornet (shapeshifter) (Depths:4)
  2 bloated husks (Swamp:1)
  2 hellwings (Depths:2)
  A queen bee (D:11)
  17 hornets
  An ettin zombie (Vaults:4)
  A tengu simulacrum (Vaults:4)
  4 tyrant leeches
  A harpy skeleton (Crypt:2)
  24 tarantellas
  A hydra skeleton (Crypt:2)
  37 blink frogs
  24 jumping spiders
  2 stone giant simulacra
  4 air elementals (Elf:3)
  2 black mamba zombies
  2 jumping spiders (shapeshifter)
  26 culicivoras
  3 vampires
  24 slime creatures
  14 water elementals
  Sigmund (D:6)
  16 spriggans
  5 wyverns
  13 wraiths
  A shadow (D:10)
  10 fire elementals
  41 yaks
  12 fire bats (Volcano)
  Eustachio (D:6)
  5 basilisks
  A chaos spawn (Depths:2)
  2 steam dragons (D:8)
  A neqoxec (Depths:2)
  51 redbacks
  15 vampire mosquitoes
  3 wargs (Orc:1)
  A demonspawn zombie (Crypt:2)
  A faun zombie (Crypt:2)
  9 acid dragons
  A fire bat zombie (Crypt:3)
  14 swamp worms
  A glowing shapeshifter zombie (Depths:2)
  3 hell hounds
  A naga skeleton (Crypt:2)
  14 water moccasins
  A two-headed ogre zombie (D:10)
  13 swamp drakes
  A demonspawn skeleton (Crypt:3)
  A fire bat skeleton (Crypt:3)
  A meliai simulacrum (D:15)
  2 great orb of eyes simulacra (IceCv)
  A lindwurm zombie (Crypt:3)
  5 boggarts (Vaults:1)
  An ice beast (D:8)
  31 orc warriors
  3 black bears
  6 wolves (Lair:4)
  6 ogres
  7 centaurs
  A phantom (D:10)
  6 slime creature simulacra (IceCv)
  An elf zombie (Crypt:3)
  4 kobold brigands
  2 necrophages
  11 bullfrogs
  4 glowing shapeshifter simulacra
  A wyvern zombie (D:8)
  5 earth elementals
  5 wights (D:7)
  2 troll zombies (D:10)
  A polar bear skeleton (Crypt:3)
  47 killer bees
  A killer bee (shapeshifter) (Vaults:5)
  A shapeshifter skeleton (Crypt:1)
  4 howler monkeys
  A wolf skeleton (Crypt:1)
  3 quasits (D:5)
  2 gnoll boudas
  19 orc priests
  2 sleepcaps (D:6)
  3 iguanas
  39 orc wizards
  A black bear skeleton (Crypt:2)
  A scorpion zombie (Crypt:1)
  3 shapeshifter simulacra (IceCv)
  A statue (D:8)
  5 ogre zombies (D:10)
  A naga zombie (Crypt:2)
  12 mummies (Crypt:3)
  A howler monkey zombie (D:8)
  23 gnolls
  15 adders
  4 worms
  A dart slug (D:1)
  The ghost of Esekla the Magician, a weakling DEWn (D:5)
  76 orcs
  6 ball pythons
  4 endoplasms
  3 giant cockroaches
  11 goblins
  11 hobgoblins
  11 jackals
  22 kobolds
  5 quokkas
  9 bats
  7 frilled lizards
  A goblin skeleton (D:10)
  3 goblin zombies (D:10)
  4 hobgoblin zombies (D:10)
  3 orc skeletons
  14 orc zombies (D:10)
  6 rats (D:1)
2410 creatures vanquished.

Vanquished Creatures (collateral kills)
  Frances (Swamp:2)
1 creature vanquished.

Vanquished Creatures (others)
  A fire giant (Vaults:5)
  A goliath frog (Swamp:2)
  A deep elf zephyrmancer (Elf:1)
  A moth of wrath (Zot:3)
  3 bloated husks
  A spriggan (Swamp:3)
  2 orc wizards (Orc:2)
  2 orcs (Orc:2)
  12 foxfires
24 creatures vanquished.

Grand Total: 2435 creatures vanquished

Notes
Turn   | Place    | Note
-------+----------+-------------------------------------------
     0 | D:1      | LordWeiramon the Human Reaver began the quest for the Orb.
     0 | D:1      | Reached XP level 1. HP: 16/16 MP: 3/3
   136 | D:1      | Reached XP level 2. HP: 10/23 MP: 5/5
   461 | D:1      | Reached XP level 3. HP: 29/29 MP: 6/6
  1026 | D:2      | Reached XP level 4. HP: 37/37 MP: 7/7
  1474 | D:2      | Reached XP level 5. HP: 43/43 MP: 8/8
  1493 | D:2      | Reached skill level 5 in Fighting
  1560 | D:2      | Learned a level 1 spell: Magic Dart
  1790 | D:3      | Found an ancient bone altar of Kikubaaqudgha.
  1866 | D:3      | Found a faded altar of an unknown god.
  2161 | D:3      | Identified the +9 short sword "Miffe" {drain, Str+2}
  2766 | D:4      | Reached skill level 1 in Stealth
  2941 | D:4      | Reached XP level 6. HP: 51/51 MP: 9/9
  3200 | D:4      | Found a large runed translucent door.
  3201 | D:4      | Found a large runed translucent door.
  3282 | D:4      | Found Qygysud's Weapon Boutique.
  3333 | D:4      | Found a bloodstained altar of Trog.
  3455 | D:5      | Entered Level 5 of the Dungeon
  3622 | D:5      | Noticed Esekla's ghost (weakling DEWn)
  3622 | D:5      | Noticed a black bear
  3638 | D:5      | Killed a black bear
  3730 | D:5      | Found a transporter.
  3758 | D:5      | Reached XP level 7. HP: 56/56 MP: 10/10
  3823 | D:5      | Found a transporter.
  3853 | D:5      | Reached skill level 5 in Dodging
  4057 | D:6      | Reached skill level 1 in Armour
  4391 | D:6      | Reached XP level 8. HP: 54/62 MP: 11/11
  4587 | D:6      | Found a stormy altar of Qazlal.
  4630 | D:6      | Reached skill level 5 in Armour
  4664 | D:6      | Noticed Eustachio
  4925 | D:6      | Found an opulent altar of Gozag.
  4988 | D:6      | Noticed Sigmund
  5023 | D:6      | Became a worshipper of Gozag Ym Sagoz the Greedy
  5053 | D:6      | Killed Eustachio
  5379 | D:7      | Reached XP level 9. HP: 68/68 MP: 12/12
  5384 | D:7      | Reached skill level 5 in Long Blades
  5672 | D:7      | You are sucked into a shaft and drop 1 floor!
  5680 | D:8      | Found a snail-covered altar of Cheibriados.
  5781 | D:8      | Found a white marble altar of Elyvilon.
  5846 | D:8      | Found a runed translucent gate.
  5846 | D:8      | Found a runed translucent gate.
  5846 | D:8      | Found a runed translucent gate.
  5846 | D:8      | Noticed bairyn's ghost (novice SpRe)
  5857 | D:8      | Found a basalt altar of Yredelemnul.
  6045 | D:8      | Found a sparkling altar of Nemelex Xobeh.
  6095 | D:7      | Found a staircase to the Ecumenical Temple.
  6417 | D:4      | Found an ornate altar of the Wu Jian Council.
  6430 | D:4      | Found a sacrificial altar of Ru.
  6517 | D:5      | Killed Esekla's ghost
  7141 | D:8      | Found Deiroyne's Tremendous Tomes.
  7182 | D:8      | Reached XP level 10. HP: 74/74 MP: 13/13
  7242 | D:8      | Found a radiant altar of Vehumet.
  7305 | D:8      | Noticed Joseph
  7425 | D:8      | Reached skill level 10 in Long Blades
  7792 | D:9      | Found a flagged portal.
  7813 | Bailey   | Entered a bailey
  7879 | Bailey   | Noticed an orc warlord
  8128 | Bailey   | Found a runed translucent gate.
  8128 | Bailey   | Found a runed translucent gate.
  8128 | Bailey   | Found a runed translucent gate.
  8206 | Bailey   | Killed an orc warlord
  8323 | Bailey   | Reached XP level 11. HP: 80/80 MP: 14/14
  8348 | D:9      | Noticed Amaemon
  8566 | D:6      | Killed Sigmund
  8767 | D:8      | Killed Joseph
  8768 | D:8      | Reached XP level 12. HP: 63/86 MP: 15/15
  8904 | D:8      | Killed bairyn's ghost
  8905 | D:8      | Reached skill level 10 in Dodging
  9201 | D:9      | Found a burning altar of Makhleb.
  9203 | D:9      | Noticed a green death
  9244 | D:10     | Entered Level 10 of the Dungeon
  9253 | D:10     | Noticed a two-headed ogre
  9265 | D:10     | Killed a two-headed ogre
 10129 | D:10     | Noticed a sun demon
 10132 | D:10     | Found a staircase to the Orcish Mines.
 10459 | D:10     | Found a shimmering altar of Xom.
 11291 | D:11     | Noticed a boulder beetle
 11294 | D:11     | Noticed wingedge's ghost (journeyman MeBe)
 11305 | D:11     | Noticed a four-headed hydra
 11309 | D:11     | Found a transporter.
 11320 | D:11     | Found a staircase to the Lair.
 11402 | D:11     | Noticed Sonja
 11411 | D:11     | Killed Sonja
 11536 | D:11     | Noticed a boulder beetle
 11561 | D:11     | Found a transporter.
 11737 | D:11     | Bought the ring of Datzixaco {rPois rF+ Will++ Int+4 Dex-2}
                  | for 887 gold pieces
 11768 | Lair:1   | Entered Level 1 of the Lair of Beasts
 11793 | Lair:1   | Reached XP level 13. HP: 91/91 MP: 16/16
 11876 | Lair:1   | Reached skill level 10 in Armour
 11937 | D:11     | Bought the amulet "Ceifuefa" {Regen+ rCorr Int-4 Dex+5} for
                  | 759 gold pieces
 11976 | Lair:1   | Found a dark tunnel.
 11994 | Volcano  | Entered a volcano
 12816 | Lair:2   | Found a frozen archway.
 12836 | IceCv    | Entered an ice cave
 13122 | IceCv    | Reached skill level 15 in Long Blades
 13565 | IceCv    | Noticed a quicksilver ooze
 13572 | IceCv    | Killed a quicksilver ooze
 13579 | IceCv    | Found a viscous altar of Jiyva.
 13579 | IceCv    | Noticed an azure jelly
 13592 | IceCv    | Killed an azure jelly
 13600 | IceCv    | Noticed a quicksilver ooze
 13609 | IceCv    | Killed a quicksilver ooze
 13620 | IceCv    | Got the Anthology of the Tundra
 13625 | IceCv    | Got the ring "Ureh" {Ice rPois Int+4 Dex-3}
 13960 | Lair:2   | Reached XP level 14. HP: 108/108 MP: 17/17
 14607 | Lair:3   | Reached skill level 10 in Fighting
 14902 | Lair:3   | Identified the +6 falchion "Kim Ogeb" {drain, rPois rC+
                  | Int-5}
 15020 | Lair:3   | Found a staircase to the Swamp.
 15246 | Lair:3   | Identified the +0 robe "Astritte" {Str+3}
 15387 | Lair:3   | Found a hole to the Spider Nest.
 15920 | Lair:4   | Noticed Nessos
 15940 | Lair:4   | Killed Nessos
 16533 | Lair:5   | Entered Level 5 of the Lair of Beasts
 16648 | Lair:5   | Reached XP level 15. HP: 115/115 MP: 18/18
 17161 | Lair:5   | Found a staircase to the Slime Pits.
 17161 | Lair:5   | Found a viscous altar of Jiyva.
 17237 | Lair:5   | Reached skill level 15 in Dodging
 18414 | D:9      | Killed Amaemon
 18720 | D:11     | Killed wingedge's ghost
 19200 | D:12     | Noticed Azrael
 19233 | D:12     | Killed Azrael
 19296 | D:12     | Noticed Psyche
 19338 | D:12     | Killed Psyche
 19862 | D:13     | Reached XP level 16. HP: 122/122 MP: 19/19
 20125 | D:13     | Found a gate to the Vaults.
 22066 | D:15     | Entered Level 15 of the Dungeon
 22122 | D:15     | Found Soqitaq's Book Emporium.
 22398 | D:15     | Found a staircase to the Depths.
 23078 | Orc:1    | Entered Level 1 of the Orcish Mines
 23078 | Orc:1    | Noticed Maurice
 23100 | Orc:1    | Killed Maurice
 23369 | Orc:2    | Entered Level 2 of the Orcish Mines
 23369 | Orc:2    | Noticed Josephine
 23598 | Orc:1    | Found a runed translucent door.
 24179 | Orc:2    | Killed Josephine
 24489 | Orc:2    | Noticed Saint Roka
 24493 | Orc:2    | Reached XP level 17. HP: 125/125 MP: 20/20
 24537 | Orc:2    | Noticed Urug
 24552 | Orc:2    | Killed Urug
 24897 | Orc:2    | Killed Saint Roka
 24950 | Orc:2    | Found a staircase to the Elven Halls.
 25168 | Orc:2    | Found Asaupi's Jewellery Shoppe.
 25280 | Orc:2    | Found a radiant altar of Vehumet.
 25353 | Orc:2    | Found an ancient bone altar of Kikubaaqudgha.
 25451 | Orc:2    | Found Vythias's Book Emporium.
 25501 | Orc:2    | Found Ygoq's Antique Weapon Shoppe.
 25539 | Orc:2    | Found Byvomita's Magic Scroll Shoppe.
 25551 | Orc:2    | Bought a scroll of teleportation for 45 gold pieces
 25551 | Orc:2    | Bought a scroll of fog for 60 gold pieces
 25551 | Orc:2    | Bought a scroll of enchant armour for 112 gold pieces
 25551 | Orc:2    | Bought a scroll of brand weapon for 142 gold pieces
 25551 | Orc:2    | Bought a scroll of enchant armour for 112 gold pieces
 25551 | Orc:2    | Bought a scroll of identify for 30 gold pieces
 25551 | Orc:2    | Bought a scroll of identify for 30 gold pieces
 25551 | Orc:2    | Bought a scroll of identify for 30 gold pieces
 25551 | Orc:2    | Bought a scroll of identify for 30 gold pieces
 25916 | Swamp:1  | Entered Level 1 of the Swamp
 26160 | Swamp:1  | Bought a viscous blue potion for 35 gold pieces
 26164 | Swamp:1  | Bought the +12 pair of quick blades "Gyre" and "Gimble"
                  | {protect} for 1530 gold pieces
 26164 | Swamp:1  | Found the +12 pair of quick blades "Gyre" and "Gimble"
                  | {protect}
 26646 | Swamp:2  | Noticed Jorgrun
 26654 | Swamp:2  | Noticed Donald
 26709 | Swamp:2  | Noticed Frances
 26723 | Swamp:2  | Killed Frances
 26804 | Swamp:2  | Killed Jorgrun
 26929 | Swamp:2  | Killed Donald
 27007 | Swamp:2  | Identified the +6 falchion "Xeuzof" {flame, MP+9 Str-2
                  | Stlth+}
 27896 | Swamp:4  | Entered Level 4 of the Swamp
 27896 | Swamp:4  | Noticed a thorn hunter
 27912 | Swamp:4  | Killed a thorn hunter
 28109 | Swamp:4  | Reached XP level 18. HP: 143/147 MP: 21/21
 28211 | Swamp:4  | Noticed the 27-headed Lernaean hydra
 28334 | Swamp:4  | Reached skill level 15 in Fighting
 28616 | Swamp:4  | Identified the +1 great mace "Sirao" {spect, rF++ Str+4
                  | SInv}
 28621 | Swamp:4  | Got a decaying rune of Zot
 28718 | Swamp:4  | Killed the 27-headed Lernaean hydra
 29149 | Spider:1 | Entered Level 1 of the Spider Nest
 29392 | Spider:1 | Identified a scroll of acquirement
 29503 | Spider:1 | Acquired 884 gold pieces
 29586 | Spider:1 | Identified the amulet "Japhora" {Acrobat rF+}
 29671 | Spider:1 | Reached skill level 5 in Stealth
 30547 | Spider:2 | Noticed an acid blob
 30565 | Spider:2 | Killed an acid blob
 31221 | Spider:2 | Noticed Aizul
 31249 | Spider:2 | Killed Aizul
 31295 | Spider:2 | Reached skill level 10 in Stealth
 31300 | Spider:2 | Reached XP level 19. HP: 137/157 MP: 22/22
 31692 | Spider:3 | Found the +4 moon troll leather armour {Spirit, Regen++
                  | MP+5}
 31789 | Spider:3 | Noticed Louise
 31839 | Spider:3 | Killed Louise
 32569 | Spider:4 | Entered Level 4 of the Spider Nest
 33022 | Spider:4 | Acquired a +2 heavy triple sword
 33039 | Spider:4 | Noticed Arachne
 33093 | Spider:4 | Killed Arachne
 33538 | Spider:4 | Identified the +10 quarterstaff "Lifebane" {flame, Str+5}
 33911 | Spider:4 | Got a gossamer rune of Zot
 34324 | Elf:1    | Entered Level 1 of the Elven Halls
 34351 | Elf:1    | Bought a +1 pair of boots of stealth for 280 gold pieces
 34364 | Elf:1    | Bought a pair of fine gloves for 323 gold pieces
 34364 | Elf:1    | Identified the +1 pair of gloves of Submission {Rampage
                  | +Blink Fly Int-5} (You bought it in a shop on level 1 of
                  | the Elven Halls)
 34375 | Elf:1    | Bought a translucent leather armour for 238 gold pieces
 34375 | Elf:1    | Identified the +0 leather armour "Titob" {rPois Will+++
                  | Int-2 Dex-3} (You bought it in a shop on level 1 of the
                  | Elven Halls)
 34549 | Swamp:1  | Bought a slimy leather armour for 273 gold pieces
 34549 | Swamp:1  | Identified the +1 leather armour "Licwochugg" {Harm rElec
                  | Int+2} (You bought it in a shop on level 1 of the Swamp)
 34752 | Elf:1    | Found a radiant altar of Vehumet.
 34902 | Elf:1    | Reached XP level 20. HP: 154/168 MP: 23/23
 34973 | Elf:1    | Identified the +0 plate armour of Moral Flaws {Dex+5}
 35260 | Elf:1    | Got Vipt's Tome of Blows
 35725 | Elf:1    | Found a runed translucent door.
 35725 | Elf:1    | Found a shimmering altar of Xom.
 35725 | Elf:1    | Noticed croobank's ghost (journeyman DsIE)
 35757 | Elf:1    | Killed croobank's ghost
 36405 | Elf:2    | Found a runed translucent gate.
 36406 | Elf:2    | Found a runed translucent gate.
 36406 | Elf:2    | Found a runed translucent gate.
 37071 | Elf:3    | Entered Level 3 of the Elven Halls
 37219 | Elf:3    | Found Romon's Antique Armour Emporium.
 37788 | Elf:3    | Reached XP level 21. HP: 170/175 MP: 24/24
 38304 | Elf:3    | Identified the +4 falchion "Yjegowi" {freeze, rF+}
 38304 | Elf:3    | Identified the amulet "Quabaff" {rPois Regen+ Stlth+}
 38309 | Elf:3    | Noticed Asterion
 38591 | Elf:3    | Killed Asterion
 38616 | Elf:3    | Identified the staff of fire "Oblesy" {rPois rF+ Dex+5}
 38714 | Elf:3    | Identified the +7 glaive of the Hurting Salmon {holy, rC+
                  | Str+3 Dex+3}
 39017 | Vaults:1 | Entered Level 1 of the Vaults
 40578 | Vaults:1 | Reached XP level 22. HP: 143/182 MP: 25/25
 42013 | Vaults:2 | Found Iwaunu's Weapon Emporium.
 42137 | Vaults:2 | Found Duik's Antique Armour Emporium.
 42372 | Vaults:2 | Noticed Boris
 42395 | Vaults:2 | Killed Boris
 42625 | Vaults:2 | Identified the +5 chain mail of Understanding {rF- Str+3
                  | Dex+6}
 42887 | Vaults:3 | Noticed Boris
 42928 | Vaults:3 | Killed Boris
 43102 | Vaults:3 | Reached XP level 23. HP: 188/188 MP: 26/26
 43908 | Vaults:3 | You are sucked into a shaft and drop 1 floor!
 43980 | Vaults:3 | Found a staircase to the Crypt.
 44773 | Vaults:4 | Found Erop Makh's Antique Weapon Emporium.
 45386 | Crypt:1  | Entered Level 1 of the Crypt
 45476 | Crypt:1  | Identified the +1 plate armour "Ginynack" {-Tele Slay+6
                  | SInv}
 46122 | Crypt:1  | Identified the +4 rapier "Daruji Gouha" {drain, Str+4}
 46946 | Crypt:2  | Found a transporter.
 46946 | Crypt:2  | Found a transporter.
 47124 | Crypt:2  | Noticed an ancient lich
 47293 | Crypt:2  | Reached XP level 24. HP: 195/195 MP: 26/26
 47622 | Crypt:3  | Entered Level 3 of the Crypt
 47956 | Crypt:3  | Identified the +3 rapier of Senwofoo {drain, Drain rElec
                  | Int+3 Stlth+}
 48060 | Crypt:3  | Identified the +4 hand axe of the Enchanting Seeker {drain,
                  | rC+ Will+ Stlth+}
 48287 | Crypt:3  | Noticed Grunn
 48391 | Crypt:3  | Killed Grunn
 48809 | Crypt:3  | Found a staircase to the Tomb.
 49320 | Crypt:3  | Noticed a curse toe
 49329 | Crypt:3  | Killed a curse toe
 49370 | Crypt:3  | Noticed a dread lich
 49381 | Crypt:3  | Killed a dread lich
 49415 | Crypt:3  | Noticed a dread lich
 49442 | Crypt:3  | Killed a dread lich
 49445 | Crypt:3  | Noticed a dread lich
 49450 | Crypt:3  | Killed a dread lich
 49461 | Crypt:3  | Identified the +1 plate armour of the Old and Reckless
                  | {+Inv}
 49467 | Crypt:3  | Identified the ring of Cykuik {rN+ MP+9}
 49474 | Crypt:3  | Identified the staff of conjuration "Ygoeheki" {rN+ Dex+3
                  | SInv}
 49477 | Crypt:3  | Identified the +1 robe of the Enchanted Forest {Str+3}
 49855 | Depths:1 | Entered Level 1 of the Depths
 49869 | Depths:1 | Noticed Boris
 49895 | Depths:1 | Killed Boris
 49896 | Depths:1 | Reached skill level 27 in Dodging
 50072 | Depths:1 | Noticed Sojobo
 50108 | Depths:1 | Killed Sojobo
 50293 | Depths:1 | Found a hazy altar of Hepliaklqana.
 50322 | Depths:1 | Found Myorim's Mayhem Merchandise.
 50477 | Depths:1 | Reached XP level 25. HP: 177/205 MP: 26/26
 50591 | Depths:1 | Found Okucwij's Jewellery Shop.
 50602 | Depths:1 | Found Epix's Assorted Antiques.
 50604 | Depths:1 | Found Goplaid's Distillery.
 50660 | Depths:1 | Bought a potion of invisibility for 128 gold pieces
 50660 | Depths:1 | Bought a potion of might for 64 gold pieces
 50660 | Depths:1 | Bought a potion of cancellation for 128 gold pieces
 50660 | Depths:1 | Bought 2 potions of heal wounds for 160 gold pieces
 50660 | Depths:1 | Bought a potion of mutation for 128 gold pieces
 50697 | Depths:1 | Bought a scroll of poison for 168 gold pieces
 50809 | Depths:1 | Found a gateway to Hell.
 50904 | Depths:1 | Noticed Bai Suzhen
 50914 | Depths:1 | Killed Bai Suzhen
 50958 | Depths:1 | Found Zaeterok's Assorted Antiques.
 51155 | Depths:1 | Noticed Nikola
 51961 | Depths:1 | Killed Nikola
 52004 | Depths:2 | Noticed a juggernaut
 52252 | Depths:2 | Killed a juggernaut
 52304 | Depths:2 | Noticed a caustic shrike
 52314 | Depths:2 | Killed a caustic shrike
 52388 | Depths:2 | Identified the +1 whip "Dragonbane" {holy, Dex+2}
 52579 | Depths:2 | Found a one-way gate leading to the halls of Pandemonium.
 53063 | Depths:2 | Found a one-way gateway to a ziggurat.
 53497 | Depths:3 | Found a bloodstained altar of Trog.
 53710 | Depths:2 | Acquired the ring of Charity {rF+ rC+}
 54269 | Depths:3 | Found Lastruataxeo's Book Shoppe.
 54269 | Depths:3 | Found Gaed's Jewellery Boutique.
 54270 | Depths:3 | Found Vyratz's Jewellery Boutique.
 54410 | Depths:3 | Got The Lost Chronicle of the Archmage
 54474 | Depths:3 | Reached XP level 26. HP: 209/224 MP: 26/26
 54526 | Depths:3 | Reached XP level 27. HP: 231/231 MP: 26/26
 54598 | Depths:3 | Found a one-way gate to the infinite horrors of the Abyss.
 54684 | Depths:4 | Entered Level 4 of the Depths
 54751 | Depths:4 | Noticed a juggernaut
 54757 | Depths:4 | Killed a juggernaut
 54826 | Depths:4 | Found a flickering gateway to a bazaar.
 54838 | Bazaar   | Entered a bazaar
 54838 | Bazaar   | Found Ytanabb's Magic Scroll Boutique.
 54850 | Bazaar   | Found Emic's Jewellery Boutique.
 54874 | Bazaar   | Found Gimew's General Store.
 54896 | Bazaar   | Found Guqil's Antique Armour Emporium.
 54904 | Bazaar   | Bought a translucent scale mail for 162 gold pieces
 54904 | Bazaar   | Identified the +0 scale mail "Lamel" {Rampage Regen+ Str+4}
                  | (You bought it in a shop in a bazaar)
 54905 | Bazaar   | Bought a bloodstained robe for 102 gold pieces
 54905 | Bazaar   | Identified the +0 robe of Ennoc {Str+3} (You bought it in a
                  | shop in a bazaar)
 54906 | Bazaar   | Found Daxaott's Antique Weapon Emporium.
 54937 | Bazaar   | Bought the +2 pair of boots of the Enfolding Gods {rElec
                  | rF+ rC- Dex+3} for 382 gold pieces
 54959 | Bazaar   | Bought the ring of Suppic {rC+ MP+9 Str+3} for 443 gold
                  | pieces
 55165 | Depths:4 | Noticed Mennas
 55210 | Depths:4 | Killed Mennas
 55441 | Depths:4 | Found a gate to the Realm of Zot.
 55865 | Depths:4 | Noticed Margery
 55914 | Depths:4 | Killed Margery
 56557 | Depths:4 | Bought a scroll of fog for 128 gold pieces
 56557 | Depths:4 | Bought a potion of might for 128 gold pieces
 56557 | Depths:4 | Bought a potion of might for 128 gold pieces
 56848 | Vaults:5 | Entered Level 5 of the Vaults
 57754 | Vaults:5 | Identified the +3 robe "Ziuxzum" {Regen+ Int+4}
 57900 | Vaults:5 | Identified the staff of poison "Huraqyep" {+Blink rElec
                  | rPois rF- Str+5}
 57984 | Vaults:5 | Noticed an ancient lich
 58046 | Vaults:5 | Killed an ancient lich
 58138 | Vaults:5 | Noticed an ancient lich
 58156 | Vaults:5 | Killed an ancient lich
 58257 | Vaults:5 | Identified the staff of conjuration "Paothes" {rN+ Will+
                  | Int+3}
 58317 | Vaults:5 | Identified the ring of Xosopy {Fly rElec rN++ MP+9 Str-2}
 58600 | Vaults:5 | Identified the +5 trident of the Ten Dances {protect,
                  | *Noise rN+ Str+3 Dex+3}
 58894 | Vaults:5 | Noticed an ancient lich
 58897 | Vaults:5 | Killed an ancient lich
 58912 | Vaults:5 | Identified the +0 ring mail "Vavuvios" {Int+2}
 59417 | Vaults:5 | Got the Notes on Amalgamated Gases
 59419 | Vaults:5 | Got a silver rune of Zot
 59757 | Zot:1    | Entered Level 1 of the Realm of Zot
 60344 | Zot:1    | Reached skill level 27 in Fighting
 60974 | Zot:1    | You are sucked into a shaft and drop 1 floor!
 60976 | Zot:2    | Acquired 716 gold pieces
 61664 | Zot:2    | Reached skill level 15 in Armour
 62169 | Zot:2    | Noticed a Killer Klown
 62200 | Zot:2    | Noticed a Killer Klown
 62239 | Zot:2    | Killed a Killer Klown
 62378 | Zot:2    | Killed a Killer Klown
 64018 | Zot:3    | Identified the +9 ring mail of Itoy {rElec rPois SInv}
 64694 | Elf:1    | Bought a pair of runed gloves for 255 gold pieces
 65434 | Zot:4    | Noticed a Killer Klown
 65497 | Zot:4    | Noticed an orb of fire
 65502 | Zot:4    | Killed an orb of fire
 65585 | Zot:4    | Found a transporter.
 65589 | Zot:4    | Noticed Urrumaza's ghost (master MfBe)
 65604 | Zot:4    | Found a bloodstained altar of Trog.
 65604 | Zot:4    | Identified the ring "Veptuut" {Fly rC++ Will- SInv}
 65636 | Zot:4    | Killed a Killer Klown
 65658 | Zot:4    | Identified the +1 cloak of Hospitality {rCorr}
 65673 | Zot:4    | Identified the +1 cloak of the Minstrel {rC++ Will++ SInv}
 66230 | Zot:4    | Found a transporter.
 66418 | Zot:5    | Entered Level 5 of the Realm of Zot
 66943 | Zot:5    | Noticed a dread lich
 66980 | Zot:5    | Noticed an orb of fire
 66990 | Zot:5    | Killed an orb of fire
 66991 | Zot:5    | Noticed an orb of fire
 66992 | Zot:5    | Gained mutation: You sometimes lose your temper in combat.
                  | [an orb of fire]
 66994 | Zot:5    | Lost mutation: You sometimes lose your temper in combat.
                  | [potion of mutation]
 66994 | Zot:5    | Gained mutation: Your system is resistant to poisons.
                  | (rPois) [potion of mutation]
 66994 | Zot:5    | Gained mutation: You are weak. (Str -2) [potion of
                  | mutation]
 66994 | Zot:5    | Gained mutation: Your spells are a little easier to cast,
                  | but a little less powerful. [potion of mutation]
 66998 | Zot:5    | Gained mutation: Armour fits poorly on your strangely
                  | shaped body. [an orb of fire]
 67000 | Zot:5    | Killed an orb of fire
 67000 | Zot:5    | Noticed an orb of fire
 67001 | Zot:5    | Killed an orb of fire
 67012 | Zot:5    | Noticed a dread lich
 67014 | Zot:5    | Killed a dread lich
 67017 | Zot:5    | Killed a dread lich
 67018 | Zot:5    | Noticed an orb of fire
 67021 | Zot:5    | Killed an orb of fire
 67021 | Zot:5    | Noticed an orb of fire
 67025 | Zot:5    | Gained mutation: You are dopey. (Int -2) [an orb of fire]
 67026 | Zot:5    | Killed an orb of fire
 67026 | Zot:5    | Noticed an orb of fire
 67027 | Zot:5    | Gained mutation: You do not regenerate when monsters are
                  | visible. [an orb of fire]
 67029 | Zot:5    | Gained mutation: You occasionally lose the ability to read
                  | scrolls when taking damage. [an orb of fire]
 67030 | Zot:5    | Killed an orb of fire
 67031 | Zot:5    | Noticed a dread lich
 67033 | Zot:5    | Killed a dread lich
 67034 | Zot:5    | Noticed an orb of fire
 67038 | Zot:5    | Killed an orb of fire
 67038 | Zot:5    | Noticed an orb of fire
 67040 | Zot:5    | Killed an orb of fire
 67041 | Zot:5    | Noticed an orb of fire
 67046 | Zot:5    | Killed an orb of fire
 67046 | Zot:5    | Noticed a Killer Klown
 67055 | Zot:5    | Noticed a Killer Klown
 67066 | Zot:5    | Found the +4 dragonskin cloak
 67066 | Zot:5    | Noticed Tiamat
 67076 | Zot:5    | Killed Tiamat
 67080 | Zot:5    | Killed a Killer Klown
 67083 | Zot:5    | Killed a Killer Klown
 67191 | Zot:5    | Noticed a Killer Klown
 67197 | Zot:5    | Killed a Killer Klown
 67636 | Zot:5    | Reached skill level 27 in Long Blades
 68018 | Zot:5    | Lost mutation: You are dopey. (Int -2) [potion of mutation]
 68018 | Zot:5    | Lost mutation: You are weak. (Str -2) [potion of mutation]
 68018 | Zot:5    | Lost mutation: You occasionally lose the ability to read
                  | scrolls when taking damage. [potion of mutation]
 68018 | Zot:5    | Gained mutation: You are partially covered in iridescent
                  | scales. (AC +2) [potion of mutation]
 68019 | Zot:5    | Lost mutation: Your system is resistant to poisons. (rPois)
                  | [potion of mutation]
 68019 | Zot:5    | Lost mutation: Your spells are a little easier to cast, but
                  | a little less powerful. [potion of mutation]
 68019 | Zot:5    | Gained mutation: You expend magic power (3 MP) to
                  | strengthen your wands. [potion of mutation]
 68019 | Zot:5    | Gained mutation: You have sharp toenails. [potion of
                  | mutation]
 68019 | Zot:5    | Gained mutation: You are agile. (Dex +4, Str/Int -1)
                  | [potion of mutation]
 68020 | Zot:5    | Lost mutation: You expend magic power (3 MP) to strengthen
                  | your wands. [potion of mutation]
 68020 | Zot:5    | Lost mutation: You do not regenerate when monsters are
                  | visible. [potion of mutation]
 68020 | Zot:5    | Gained mutation: You have hidden genetic defects. [potion
                  | of mutation]
 68021 | Zot:5    | Lost mutation: Armour fits poorly on your strangely shaped
                  | body. [potion of mutation]
 68021 | Zot:5    | Lost mutation: You are partially covered in iridescent
                  | scales. (AC +2) [potion of mutation]
 68021 | Zot:5    | Lost mutation: You have sharp toenails. [potion of
                  | mutation]
 68021 | Zot:5    | Gained mutation: You are weak. (Str -2) [potion of
                  | mutation]
 68021 | Zot:5    | Gained mutation: You have a somewhat thin skeletal
                  | structure. (Dex +2, Stealth+) [potion of mutation]
 68021 | Zot:5    | Gained mutation: Your flesh is heat resistant. (rF+)
                  | [potion of mutation]
 68022 | Zot:5    | Lost mutation: You have a somewhat thin skeletal structure.
                  | (Dex +2, Stealth+) [potion of mutation]
 68022 | Zot:5    | Lost mutation: You are weak. (Str -2) [potion of mutation]
 68022 | Zot:5    | Lost mutation: Your flesh is heat resistant. (rF+) [potion
                  | of mutation]
 68022 | Zot:5    | Gained mutation: You have a pair of small horns on your
                  | head. [potion of mutation]
 68023 | Zot:5    | Lost mutation: You have hidden genetic defects. [potion of
                  | mutation]
 68023 | Zot:5    | Lost mutation: You have a pair of small horns on your head.
                  | [potion of mutation]
 68023 | Zot:5    | Gained mutation: You occasionally shout uncontrollably at
                  | your foes. [potion of mutation]
 68023 | Zot:5    | Gained mutation: You are somewhat resistant to further
                  | mutation. [potion of mutation]
 68077 | Zot:5    | Got the Orb of Zot
 68619 | D:$      | Escaped with the Orb!

Illustrated notes

Levels and vault maps discovered:
D:1:      dpeg_arrival_rhombus, layout_rooms
D:2:      layout_basic, minmay_misc_feat_nine_boxes
D:3:      layout_basic, mainiacjoe_overflow_brackets,
          ebering_ecumenical_altar_rust, amcnicky_mini_rare_corridor_liquid,
          kennysheep_generic_room_16
D:4:      nicolae_cairo_tiling_very_big, layout_basic, lightli_temple_of_fire,
          jmf_multi_god_temple2, serial_shops, shop
D:5:      layout_cave_pools, gammafunk_ghost_stat_death
D:6:      layout_gridville, nicolae_gozag_seed_capital, kennysheep_little_box,
          uniq_sigmund, uniq_eustachio
D:7:      layout_cave_pools, minmay_temple_entry_hall,
          minmay_misc_feat_diagonals
D:8:      layout_gridville, nemelex_diamond_rough_becter, vehumet_statue,
          nicolae_yredelemnul_ghost_church, mainiacjoe_overflow_boulevard,
          mainiacjoe_overflow_six_doors_small, nicolae_shop_i_like_big_books,
          uniq_joseph
D:9:      layout_basic, makhleb_altar_promises_db, enter_bailey_3, uniq_amaemon
D:10:     layout_cross, tgw_xom, zombieorc2_lemuel, kennysheep_cluttered_room,
          grunt_ministairs_1, kennysheep_diamond, hex_tiny,
          minmay_quadrilaterals
D:11:     layout_long_grid, dpeg_oklobed_lair, nzn_ghost_randoct, special_room
          [special_room_bee], hex_large, chequers_serial_rivers_large_a,
          uniq_sonja
D:12:     layout_loops_ring, uniq_azrael, uniq_psyche
D:13:     layout_stronghold, david_vaults_4, serial_column_ruins,
          column_ruins_square_large, column_ruins_courtyard_long,
          column_ruins_grid_4, column_ruins_grid_1,
          column_ruins_columns_straight, column_ruins_open_medium,
          minmay_shattered_shrine
D:14:     layout_gridville, nrook_pool_corridor
D:15:     grunt_enter_depths_hoard, layout_cave_pods, grunt_decor_junction,
          serial_shops, nicolae_lakefront_shop, chequers_serial_rivers_micro_b
Lair:1:   layout_cave_shapes, lightli_volcano_entry_magma_tube
Lair:2:   layout_roguey, portal_ice_cave_demonic_guard, grunt_megastairs_2,
          lemuel_fruit_tree
Lair:3:   layout_loops_ring, minmay_swamp_entry_wisps,
          nicolae_spider_entry_orb_guardian, st_stairs_7
Lair:4:   layout_hall_layers, chequers_serial_rivers_micro_a,
          beast_lair_carwin_4, uniq_nessos
Lair:5:   evilmike_catoblepas_cave, layout_layer_cave, slime_entry_1,
          evilmike_ambush [evilmike_ambush_outer_basic,
          evilmike_ambush_inner_basic], infiniplex_staircase_pool_2
Swamp:1:  layout_basic_swamp, nicolae_swamp_round_clearing,
          nicolae_swamp_super_fun_site
Swamp:2:  layout_basic_swamp, hangedman_swamp_lotus, uniq_donald, uniq_jorgrun,
          uniq_frances
Swamp:3:  layout_basic_swamp, serial_swamp_ruin, hangedman_swamp_ruin_hall,
          evilmike_swamp_ruin_house_1, hangedman_swamp_ruin_wall
Swamp:4:  swamp, layout_basic_swamp
Spider:1: layout_cave_pods, drop_trap
Spider:2: layout_cave_pods, nicolae_spider_acid_house, uniq_aizul
Spider:3: layout_spider_delve, uniq_louise
Spider:4: grunt_spider_rune_parallel, uniq_arachne
Orc:1:    layout_caves, lightli_church_of_beogh, uniq_maurice
Orc:2:    kennysheep_orc_mage_school, layout_caves, uniq_josephine, uniq_urug,
          uniq_saint_roka
Elf:1:    eino_elf_arrival_altar, layout_gridlike, ebering_ghost_xom,
          minmay_elf_annihilation
Elf:2:    nicolae_elf_blades_crystal_corner, layout_onion_city, drop_trap,
          nicolae_elf_stair_hall
Elf:3:    minmay_elf_hall_dome, layout_geoelf_diagonals, serial_shops, shop,
          hellmonk_bongcloud_opening, uniq_asterion
Vaults:1: nicolae_vaults_what_the_h, nicolae_vaults_an_arrangement,
          ontoclasm_vaults_loading_screen, vaults_mumra_hex,
          nicolae_vaults_trapezoid_lopsided_3, nicolae_vaults_gold_heap,
          nicolae_vaults_network_s, nicolae_vaults_trapezoid_lopsided_4,
          nicolae_vaults_cornered_office, nicolae_vaults_mini_display_case,
          nicolae_vaults_closet_pinwheel_6, vaults_room_door_ring,
          ontoclasm_vaults_tryst, nicolae_vaults_little_squares_2,
          layout_vaults_omnicross
Vaults:2: nicolae_vaults_cochlea, vaults_room_hangedman_quadrants,
          ontoclasm_vaults_fault, v_misc_1, vaults_dpeg_cross,
          hangedman_vaults_snaps, ontoclasm_vaults_chip,
          nicolae_vaults_frosty_reception, v_rooms_4,
          nicolae_vaults_taking_the_gang_shopping, nicolae_vaults_tetromino_Z_2,
          grunt_vaults_hallway_short, nicolae_vaults_asterisk,
          layout_vaults_ring, serial_shops, nicolae_shop_tiny_statue_garden,
          uniq_boris
Vaults:3: minmay_crypt_entry_nasty_monster, nicolae_vaults_quartermaster,
          v_misc_23, v_alt_pattern_5, nicolae_vaults_closet_pinwheel_1,
          vaults_mumra_hexcomb, nicolae_vaults_closet_pinwheel_4,
          ontoclasm_vaults_chip, vaults_room_door_hall,
          grunt_vaults_hallway_long, nicolae_vaults_house_2,
          layout_vaults_omnigrid
Vaults:4: ontoclasm_vaults_misaligned, nicolae_vaults_wine_cellar,
          hangedman_vaults_maws, nicolae_vaults_prndl,
          nicolae_vaults_surprise_closet_hard, nicolae_vaults_network_square,
          v_misc_4, v_rooms_6, v_rooms_3, nicolae_vaults_hexular_roomagon,
          v_misc_8, vaults_dpeg_encased_lava, vaults_room_pool,
          grunt_vaults_focal, nicolae_vaults_layer_cake_slice,
          nicolae_vaults_tetromino_Z_1, layout_vaults_maze_snakey, serial_shops,
          shop
Vaults:5
Crypt:1:  layout_catacombs, unseen_surprise_small, grunt_crypt_arrival_webbed
Crypt:2:  gammafunk_the_bubble [the_bubble_gammafunk_crates], layout_gridlike,
          grunt_ministairs_4
Crypt:3:  david_glass_crypt, layout_misc_corridors,
          nicolae_tomb_entry_unfolded_pyramid_diagonal, serial_co_window_serial,
          co_window_corner_a, co_window_corner_a, co_window_of_opportunity_a,
          co_window_paths_b, co_window_paths_a, co_window_cross_4,
          co_window_broadway_a, co_window_2corner, co_window_4corner_a,
          glass_columns_a, glass_columns_c, glass_columns_b, glass_columns_b,
          uniq_grunn
Depths:1: layout_gridlike, grunt_hell_entry_dis_old,
          chequers_serial_rivers_micro_c, serial_shops, shop_statue, shop, shop,
          shop, chequers_serial_rivers_micro_e, serial_sigils_hangedman_scratch,
          minmay_shop_mayhem, worldfamousw_hep_ancestral_shrine, uniq_sojobo,
          uniq_nikola, uniq_bai_suzhen
Depths:2: minmay_containers, layout_cave_shapes, enter_ziggurat_c,
          grunt_pan_entry_spiral, grunt_decor_resistance, hell_entry,
          kennysheep_generic_room_7, minmay_staircase_bubble, uniq_josephina
Depths:3: minmay_open_boxes_in_corner, layout_cave_pools, hell_entry,
          nicolae_abyss_entry_one_way_or_another, nicolae_figureground_pulse,
          grunt_decor_one_mirror, trog_three_pillars_becter,
          serial_bayou_shore_a, minmay_shop_grove
Depths:4: grunt_zot_entry_bicorn, layout_small_grid,
          chequers_serial_rivers_micro_a, hell_entry, serial_shops,
          bzr_in_the_mist, skrybe_limestone_x, uniq_margery, uniq_mennas
Zot:1:    layout_onion_interference, grunt_ministairs_10,
          st_large_dragon_hoard_3
Zot:2:    grunt_zot_stairs_faceoff, layout_concentric_octagons
Zot:3:    layout_basic, grunt_megastairs_5
Zot:4:    layout_basic, gammafunk_ghost_wrathful_warriors, st_stairs_2,
          hangedman_zot_diagonal_lockstep
Zot:5:    layout_gridlike, uniq_tiamat

Skill      XL: |  1  2  3  4  5  6  7  8  9 10 11 12 13 14 15 16 17 18 19 20 21 22 23 24 25 26 27 |
---------------+----------------------------------------------------------------------------------+-----
Fighting       | 3 4 5 9 10 14 15 17 18 21 22 27 | 27.0
Stealth        | 1 10 | 10.0
Dodging        | 4 5 9 10 14 15 17 20 23 25 27 | 27.0
Armour         | 3 5 9 10 12 18 | 18.8
Long Blades    | 4 9 13 14 15 17 19 20 21 22 27 | 27.0
Short Blades   | |  3.0
Spellcasting   | |  2.0
Conjurations   | |  3.0

Action                     |  1- 3 |  4- 6 |  7- 9 | 10-12 | 13-15 | 16-18 | 19-21 | 22-24 | 25-27 || total
---------------------------+-------+-------+-------+-------+-------+-------+-------+-------+-------++-------
  Melee: Short sword       |   182 |   173 |   241 |   591 |  1531 |  1169 |       |       |       ||  3887
         Punch             |     3 |     2 |     3 |    10 |    24 |    11 |       |       |       ||    53
         Great sword       |       |       |       |       |    81 |    75 |       |       |       ||   156
         Scimitar          |       |       |       |       |       |     6 |       |       |       ||     6
         Pair of quick bla |       |       |       |       |       |   955 |  1841 |  2263 |  3765 ||  8824
         Triple sword      |       |       |       |       |       |       |     7 |    21 |   485 ||   513
         Rapier            |       |       |       |       |       |       |       |       |     1 ||     1
  Throw: Dart              |       |       |     3 |       |       |       |       |       |       ||     3
         Throwing net      |       |       |       |       |     1 |     1 |       |     1 |     2 ||     5
   Cast: Magic Dart        |       |       |     1 |     1 |     3 |     2 |     2 |       |     1 ||    10
 Invoke: Call Merchant     |       |       |       |     1 |       |     3 |     2 |       |     1 ||     7
         Potion Petition   |       |       |       |       |       |       |     1 |       |       ||     1
         Bribe Branch      |       |       |       |       |       |       |       |       |     5 ||     5
  Evoke: Wand              |       |       |     1 |     2 |    12 |     2 |       |     3 |     9 ||    29
         Condenser vane    |       |       |       |       |     1 |       |       |       |       ||     1
    Use: Scroll            |     3 |     5 |       |     3 |    15 |    12 |     5 |     7 |    11 ||    61
         Potion            |       |     1 |       |     4 |     2 |     5 |     3 |     4 |    24 ||    43
   Stab: Sleeping          |       |       |     2 |     1 |     6 |     8 |    47 |    85 |    25 ||   174
         Betrayed ally     |       |       |     1 |       |     1 |       |       |       |       ||     2
         Distracted        |       |       |     1 |     8 |     6 |     8 |    23 |    25 |    37 ||   108
         Held in net/web   |       |       |       |       |       |     3 |       |     3 |     3 ||     9
         Invisible         |       |       |       |       |       |     3 |       |       |    47 ||    50
 Armour: Leather armour    |     3 |       |    79 |    70 |   272 |   347 |   207 |   136 |   258 ||  1372
         Ring mail         |    43 |    54 |    12 |       |       |       |       |       |    95 ||   204
  Dodge: Dodged            |    73 |    64 |   161 |   324 |   993 |  1424 |   796 |  1044 |  3132 ||  8011
